 Dungeon Crawl Stone Soup version 0.17.0-28-g6e173f8 (webtiles) character file.

30 karlm the Magician (level 3, 0/19 HPs)
             Began as a Deep Elf Wizard on Nov 30, 2015.
             Slain by a goblin
             ... wielding a +0 dagger
             ... led by Robin
              (1 damage)
             ... on level 2 of the Dungeon.
             The game lasted 00:06:07 (1263 turns).

karlm the Magician (Deep Elf Wizard)                Turns: 1263, Time: 00:06:08

Health: 0/19       AC:  2    Str:  4    XL:     3   Next: 3%
Magic:  5/11       EV: 12    Int: 23    God:
Gold:   61         SH:  0    Dex: 13    Spells: 2 memorised, 8 levels left

rFire  . . .     SeeInvis .     s - +2 dagger (venom)
rCold  . . .     Clarity  .     a - +0 robe
rNeg   . . .     SustAt   .     (no shield)
rPois  .         Gourm    .     b - +0 hat
rElec  .         Spirit   .     (no cloak)
rCorr  .         Warding  .     (no gloves)
rMut   +         Stasis   .     (no boots)
MR     .....                    i - amulet of resist mutation
Stlth  ++........               (no ring)
                                (no ring)

@: very slightly contaminated, not resistant to hostile enchantments, unstealthy
A: no striking features
a: no special abilities


You were on level 2 of the Dungeon.
You were not hungry.

You visited 1 branch of the dungeon, and saw 2 of its levels.

You collected 61 gold pieces.

Inventory:

Hand Weapons
 s - a +2 dagger of venom (weapon)
Missiles
 o - 7 needles of slowing
 q - 10 stones (quivered)
 r - 27 sling bullets
Armour
 a - a +0 robe (worn)
 b - a +0 hat (worn)
 f - a +0 pair of boots
Jewellery
 i - an amulet of resist mutation (around neck)
Scrolls
 g - a scroll of remove curse
 h - a scroll of magic mapping
 l - a scroll of identify {unknown}
 m - 2 scrolls of enchant armour {unknown}
 n - a scroll of blinking {unknown}
Potions
 e - a potion of curing
 j - a potion of haste {unknown}
 t - a potion of cure mutation {unknown}
Books
 c - a book of Minor Magic

   Spells                             Type                      Level
   a - Magic Dart                     Conjuration                  1
   b - Blink                          Translocation                2
   c - Call Imp                       Summoning                    2
   d - Repel Missiles                 Charms/Air                   2
   e - Slow                           Hexes                        2
   f - Conjure Flame                  Conjuration/Fire             3
   g - Mephitic Cloud                 Conjuration/Poison/Air       3
Comestibles
 d - a bread ration
 p - a meat ration


   Skills:
 - Level 2.4 Dodging
 - Level 2.6 Stealth
 - Level 4.7 Spellcasting
 + Level 2.9 Conjurations
 - Level 1.1 Summonings
   Level 1.1 Translocations


You had 8 spell levels left.
You knew the following spells:

 Your Spells              Type           Power        Failure   Level  Hunger
a - Magic Dart            Conj           ###.         2%          1    None
b - Call Imp              Summ           ##......     12%         2    None


Dungeon Overview and Level Annotations

Branches:
Dungeon (2/15)

Altars:

Annotations:
D:2 Robin


Message History

The stone hits you.
* * * LOW HITPOINT WARNING * * *
Your crimson imp blinks!
Drink which item? (? for menu, Esc to quit)
You feel better. The goblin hits you with a dagger.
* * * LOW HITPOINT WARNING * * *
You hit the goblin.
The goblin is poisoned.
The goblin is moderately wounded.
The goblin shoots a stone.
The stone hits you.
* * * LOW HITPOINT WARNING * * *
The goblin hits you but does no damage.
Your crimson imp hits the goblin.
Casting: Call Imp
Confirm with . or Enter, or press ? or * to list all spells.
A beastly little devil appears in a puff of frigid air.
The goblin shoots a stone.
The stone closely misses your white imp.
The stone closely misses you.
The stone closely misses the goblin.
The stone hits the goblin.
Robin barely misses your white imp. The goblin hits you with a dagger.
You die...

.####...## #.#
.........# ## ###.###
.#...8...## #.###.....#
....8.8...####.##...#.#
.<.8._.8............#.#
##..8.8.......#..†..#.#
.....8......5..##...#.#
.#...g........####g.#.#
....###.....g..g@5g5<.#
.####
#.......####.).......#
...#
###..###.###.#.#######
.#.### #....#.#.###.#
.....# ####.##.#####.##
##.#.# ####.##........#
##.#.#
#....##.........#
...#.#
#........#.......###
####.#
#.###.##.#..g†.....#


You could see Robin, 3 goblins, a friendly crimson imp and a friendly white imp.

Vanquished Creatures
  A bat (D:1)
  2 giant cockroaches
  11 goblins
  5 hobgoblins
  2 giant newts (D:1)
  3 kobolds (D:1)
  4 rats
28 creatures vanquished.

Notes
Turn   | Place    | Note
--------------------------------------------------------------
     0 | D:1      | karlm the Deep Elf Wizard began the quest for the Orb.
     0 | D:1      | Reached XP level 1. HP: 10/10 MP: 7/7
   263 | D:1      | Reached XP level 2. HP: 15/15 MP: 6/9
   267 | D:1      | Learned a level 2 spell: Call Imp
   912 | D:2      | Found a faded altar to an unknown god.
   994 | D:2      | Noticed Robin
  1019 | D:2      | Reached XP level 3. HP: 19/19 MP: 2/11
  1263 | D:2      | Slain by a goblin

Action                   || total
-------------------------++-------
Melee: Dagger            ||     7
 Cast: Magic Dart        ||    61
       Call Imp          ||     5
  Use: Scroll            ||     2
       Potion            ||     1
  Eat: Chunk             ||     1
